AoeStats
← HHADEZZ

Lombardia

509521135Analyzed
2v2 RM · 6d ago on Sep 27, 2026· 47m 48s· 4 players
Game mode
Random Map
Map size
Medium (4 player)
Population
200
Speed
Normal
Resources
Standard
Victory
Conquest
Starting age
Dark Age
Ending age
Imperial Age
RankedLock teamsTeams togetherTeam positionsShared explorationLock speedFull tech treeHidden civsTurbo modeCheats
Victory
Defeat
🇺🇸 Britons · United States
1029
+14
🇺🇸 Spanish · United States
1029
+14
🇲🇽 Teutons · Mexico
1000
-42
🇺🇸 Bengalis · United States
984
-14
budreaux
1:00 Loom
11:29 Feudal Age
12:43 Double-Bit Axe
12:40 Horse Collar
20:11 Bloodlines
21:55 Wheelbarrow
22:11 Scale Barding Armor
28:48 Castle Age
27:16 Fletching
28:37 Padded Archer Armor
30:05 Husbandry
30:12 Bodkin Arrow
37:43 Wheelbarrow
42:40 Ballistics
43:11 Hand Cart
43:30 Elite Skirmisher
HHADEZZ
14:30 Loom
23:21 Feudal Age
25:05 Wheelbarrow
24:16 Town Watch
24:58 Man-at-Arms
25:25 Arson
32:01 Bloodlines
32:17 Horse Collar
32:34 Gold Mining
32:34 Stone Mining
40:53 Castle Age
41:39 Scale Mail Armor
41:45 Scale Barding Armor
41:41 Padded Archer Armor
41:32 Fletching
41:53 Forging
42:20 Double-Bit Axe
42:57 Elite Skirmisher
43:45 Squires
43:55 Crossbowman
45:12 Leather Archer Armor
damian
3:41 Loom
14:00 Feudal Age
14:40 Horse Collar
14:46 Double-Bit Axe
20:52 Padded Archer Armor
23:20 Castle Age
23:43 Wheelbarrow
22:54 Town Watch
25:57 Bow Saw
25:51 Heavy Plow
26:18 Leather Archer Armor
26:15 Forging
26:05 Scale Mail Armor
26:10 Scale Barding Armor
25:56 Fletching
26:12 Inquisition
27:15 Bloodlines
28:02 Fervor
33:28 Husbandry
37:21 Redemption
41:29 Imperial Age
38:39 Light Cavalry
42:02 Cavalier
43:20 Iron Casting
43:00 Chain Mail Armor
43:06 Chain Barding Armor
42:41 Bodkin Arrow
43:16 Ring Archer Armor
42:53 Caravan
43:40 Supremacy
42:52 Sappers
44:37 Paladin
46:54 Block Printing
Clichedsquash40
6:12 Loom
9:52 Feudal Age
10:37 Man-at-Arms
11:09 Double-Bit Axe
14:25 Wheelbarrow
16:48 Fletching
19:21 Padded Archer Armor
22:23 Castle Age
23:26 Bodkin Arrow
22:52 Crossbowman
23:37 Pikeman
26:07 Hand Cart
25:42 Horse Collar
26:16 Bow Saw
26:54 Long Swordsman
27:26 Gambesons
27:57 Leather Archer Armor
27:53 Forging
27:43 Scale Mail Armor
29:07 Hand Cart
28:44 Town Watch
30:04 Ballistics
30:21 Iron Casting
38:02 Imperial Age
35:41 Gold Mining
37:23 Chain Mail Armor
38:51 Bracer
39:16 Yeomen
38:22 Arbalester
40:22 Blast Furnace
39:58 Plate Mail Armor
39:54 Murder Holes
40:14 Masonry
41:18 Two-Man Saw
41:52 Blast Furnace
40:22 Two-Handed Swordsman
41:37 Stone Mining
42:24 Gold Shaft Mining
41:58 Caravan
42:28 Champion
44:04 Ring Archer Armor
44:44 Town Patrol
44:56 Elite Longbowman
46:58 Architecture
46:34 Siege Engineers
Connection lost

Rejoining the realm…

Still unreachable

The connection could not be restored.

Session expired

The server has moved on; the page needs a fresh start.